BSA
HENDERSONVILLE HITMEN @ KENILWORTH ACES
07/22/2030
 
TOP OF THE 1ST
Hendersonville Hitmen batting - Pitching for Kenilworth Aces : LHP Dave Smeddon
Pitching: LHP Dave Smeddon
Batting: SHB Félix Montoya 0-0: Ball
1-0: Ball
2-0: Ball
3-0: Base on Balls
Batting: SHB José Estreito 0-0: Ball
1-0: Called Strike
1-1: Fly out, F9 (Flyball, 9)
Batting: LHB Robert Phillips 0-0: Ball
1-0: Ball
2-0: Swinging Strike
2-1: Ball
3-1: Called Strike
3-2: Strikes out swinging
Félix Montoya steals 2nd base
Batter strikes out.
Batting: RHB Felipe Jareño 0-0: Ball
1-0: Ball
2-0: Fly out, F7 (Line Drive, 7)
Top of the 1st over - 0 runs, 0 hits, 0 errors, 1 left on base; Hendersonville 0 - Kenilworth 0
BOTTOM OF THE 1ST
Kenilworth Aces batting - Pitching for Hendersonville Hitmen : RHP Troy Parker
Pitching: RHP Troy Parker
Batting: RHB Jorge Jiménez 0-0: Called Strike
0-1: Ball
1-1: Foul Ball, location: 2F
1-2: Ground out 5-3 (Groundball, 56)
Batting: LHB Santiago Márquez 0-0: Ball
1-0: Called Strike
1-1: Called Strike
1-2: Ball
2-2: Ball
3-2: Fly out, F9 (Flyball, 89S)
Batting: LHB Barrett Waters 0-0: Ball
1-0: Fly out, F6 (Line Drive, 4M)
Bottom of the 1st over - 0 runs, 0 hits, 0 errors, 0 left on base; Hendersonville 0 - Kenilworth 0
TOP OF THE 2ND
Hendersonville Hitmen batting - Pitching for Kenilworth Aces : LHP Dave Smeddon
Batting: SHB Rick Turner 0-0: Ball
1-0: Ball
2-0: Foul Ball, location: 2F
2-1: Swinging Strike
2-2: Strikes out swinging
Batting: LHB Tommy Payne 0-0: Ground out 4-3 (Groundball, 4)
Batting: RHB Ron Glass 0-0: Called Strike
0-1: Swinging Strike
0-2: Fly out, F2 (Popup, 25F)
Top of the 2nd over - 0 runs, 0 hits, 0 errors, 0 left on base; Hendersonville 0 - Kenilworth 0
BOTTOM OF THE 2ND
Kenilworth Aces batting - Pitching for Hendersonville Hitmen : RHP Troy Parker
Batting: SHB Julián Madrid 0-0: Called Strike
0-1: Swinging Strike
0-2: Ball
1-2: Ball
2-2: Ball
3-2: Base on Balls
Batting: LHB Roger Moore 0-0: Ball
1-0: Foul Ball, location: 2F
1-1: Grounds into double play, 6-4-3 (Groundball, 6)
Batting: RHB Andrés Lara 0-0: Called Strike
0-1: DOUBLE (Flyball, 89D)
Batting: RHB Luis Sánchez 0-0: Ball
1-0: Ball
2-0: Ball
3-0: Base on Balls
Batting: RHB Wilbert Rodgers 0-0: Called Strike
0-1: SINGLE (Groundball, 6MD)
Andrés Lara to third
Luis Sánchez to second
Runner from 3rd tries for Home, SAFE, no throw
Batting: RHB Taylor McFarland 0-0: Ball
1-0: Fly out, F5 (Popup, 25F)
Bottom of the 2nd over - 1 run, 2 hits, 0 errors, 2 left on base; Hendersonville 0 - Kenilworth 1
TOP OF THE 3RD
Hendersonville Hitmen batting - Pitching for Kenilworth Aces : LHP Dave Smeddon
Batting: LHB Milo Glenn 0-0: Called Strike
0-1: Ball
1-1: Foul Ball, location: 2F
1-2: Ground out U3 (Groundball, 3S)
Batting: RHB Boyd Pittman 0-0: Called Strike
0-1: Foul Ball, location: 2F
0-2: Ball
1-2: Ground out 1-3 (Groundball, 13)
Batting: SHB Félix Montoya 0-0: Called Strike
0-1: Ground out 5-3 (Groundball, 56S)
Top of the 3rd over - 0 runs, 0 hits, 0 errors, 0 left on base; Hendersonville 0 - Kenilworth 1
BOTTOM OF THE 3RD
Kenilworth Aces batting - Pitching for Hendersonville Hitmen : RHP Troy Parker
Batting: RHB Jorge Jiménez 0-0: Foul Ball, location: 2F
0-1: Ball
1-1: Ball
2-1: Ground out 1-3 (Groundball, 15S)
Batting: LHB Santiago Márquez 0-0: Called Strike
0-1: Fly out, F7 (Flyball, 7LM)
Batting: LHB Barrett Waters 0-0: Ground out 4-3 (Groundball, 4D)
Bottom of the 3rd over - 0 runs, 0 hits, 0 errors, 0 left on base; Hendersonville 0 - Kenilworth 1
TOP OF THE 4TH
Hendersonville Hitmen batting - Pitching for Kenilworth Aces : LHP Dave Smeddon
Batting: SHB José Estreito 0-0: Ball
1-0: Swinging Strike
1-1: Ball
2-1: Ball
3-1: Ground out 6-3 (Groundball, 6)
Batting: LHB Robert Phillips 0-0: Swinging Strike
0-1: Ball
1-1: Ball
2-1: Foul Ball, location: 2F
2-2: Ball
3-2: Foul Ball, location: 2F
3-2: Foul Ball, location: 2F
3-2: Strikes out looking
Batting: RHB Felipe Jareño 0-0: Ball
1-0: Fly out, F9 (Line Drive, 9D)
Top of the 4th over - 0 runs, 0 hits, 0 errors, 0 left on base; Hendersonville 0 - Kenilworth 1
BOTTOM OF THE 4TH
Kenilworth Aces batting - Pitching for Hendersonville Hitmen : RHP Troy Parker
Batting: SHB Julián Madrid 0-0: Ball
1-0: Ground out 1-3 (Groundball, 13S)
Batting: LHB Roger Moore 0-0: Called Strike
0-1: Ball
1-1: SINGLE (Groundball, 4MD)
Batting: RHB Andrés Lara 0-0: Called Strike
0-1: Ball
1-1: Ball
2-1: Ball
3-1: Grounds into double play, 4-6-3 (Groundball, 4)
Bottom of the 4th over - 0 runs, 1 hit, 0 errors, 0 left on base; Hendersonville 0 - Kenilworth 1
TOP OF THE 5TH
Hendersonville Hitmen batting - Pitching for Kenilworth Aces : LHP Dave Smeddon
Batting: SHB Rick Turner 0-0: Called Strike
0-1: Swinging Strike
0-2: Ball
1-2: Ball
2-2: Strikes out swinging
Batting: LHB Tommy Payne 0-0: Ball
1-0: SINGLE (Flyball, 89S)
Batting: RHB Ron Glass 0-0: Called Strike
0-1: Ball
1-1: Fly out, F9 (Flyball, 89XD)
Batting: LHB Milo Glenn 0-0: Foul Ball, location: 2F
0-1: Ball
1-1: Foul Ball, location: 2F
1-2: SINGLE (Groundball, 6M) (infield hit)
Tommy Payne to second
Batting: RHB Boyd Pittman 0-0: Ball
1-0: Ball
2-0: Foul Ball, location: 2F
2-1: Foul Ball, location: 2F
2-2: Foul Ball, location: 2F
2-2: Ball
3-2: SINGLE (Line Drive, 89S)
Tommy Payne to third
Milo Glenn to second
Tommy Payne scores
Milo Glenn to third
Batting: SHB Félix Montoya 0-0: Called Strike
0-1: Fly out, F9 (Flyball, 9S)
Top of the 5th over - 1 run, 3 hits, 0 errors, 2 left on base; Hendersonville 1 - Kenilworth 1
BOTTOM OF THE 5TH
Kenilworth Aces batting - Pitching for Hendersonville Hitmen : RHP Troy Parker
Batting: RHB Luis Sánchez 0-0: Ball
1-0: Foul Ball, location: 2F
1-1: Ball
2-1: Ball
3-1: SOLO HOME RUN (Flyball, 7LD), Distance : 386 ft
Batting: RHB Wilbert Rodgers 0-0: Called Strike
0-1: Called Strike
0-2: Fly out, F8 (Flyball, 8LS)
Batting: RHB Taylor McFarland 0-0: Foul Ball, location: 2F
0-1: Called Strike
0-2: Fly out, F8 (Flyball, 8RS)
Batting: RHB Jorge Jiménez 0-0: Called Strike
0-1: Foul Ball, location: 2F
0-2: Ball
1-2: Ball
2-2: Foul Ball, location: 2F
2-2: Foul Ball, location: 2F
2-2: Strikes out swinging
Bottom of the 5th over - 1 run, 1 hit, 0 errors, 0 left on base; Hendersonville 1 - Kenilworth 2
TOP OF THE 6TH
Hendersonville Hitmen batting - Pitching for Kenilworth Aces : LHP Dave Smeddon
Batting: SHB José Estreito 0-0: Ball
1-0: Ball
2-0: SINGLE (Line Drive, 8RS)
Batting: LHB Robert Phillips 0-0: Ball
1-0: Called Strike
1-1: Ball
2-1: Called Strike
2-2: Ball
3-2: Strikes out swinging
José Estreito is caught stealing 2nd base
Batter strikes out.
Batting: RHB Felipe Jareño 0-0: SINGLE (Line Drive, 9S)
Batting: SHB Rick Turner 0-0: Ball
1-0: Fly out, F9 (Flyball, 89D)
Top of the 6th over - 0 runs, 2 hits, 0 errors, 1 left on base; Hendersonville 1 - Kenilworth 2
BOTTOM OF THE 6TH
Kenilworth Aces batting - Pitching for Hendersonville Hitmen : RHP Troy Parker
Batting: LHB Santiago Márquez 0-0: Ball
1-0: Foul Ball, location: 2F
1-1: Hit by Pitch
Batting: LHB Barrett Waters 0-0: Ball
1-0: Called Strike
1-1: Ball
2-1: Fly out, F7 (Flyball, 7S)
Batting: SHB Julián Madrid 0-0: Ball
1-0: Foul Ball, location: 2F
1-1: Fly out, F7 (Flyball, 78D)
Batting: LHB Roger Moore 0-0: Called Strike
0-1: Ball
1-1: Foul Ball, location: 2F
1-2: Strikes out swinging
Bottom of the 6th over - 0 runs, 0 hits, 0 errors, 1 left on base; Hendersonville 1 - Kenilworth 2
TOP OF THE 7TH
Hendersonville Hitmen batting - Pitching for Kenilworth Aces : LHP Dave Smeddon
Batting: LHB Tommy Payne 0-0: Called Strike
0-1: Called Strike
0-2: Strikes out swinging
Batting: RHB Ron Glass 0-0: Ball
1-0: Fly out, F2 (Popup, 2RF)
Batting: LHB Milo Glenn 0-0: Called Strike
0-1: Foul Ball, location: 2F
0-2: Ground out 6-3 (Groundball, 6)
Top of the 7th over - 0 runs, 0 hits, 0 errors, 0 left on base; Hendersonville 1 - Kenilworth 2
BOTTOM OF THE 7TH
Kenilworth Aces batting - Pitching for Hendersonville Hitmen : RHP Troy Parker
Batting: RHB Andrés Lara 0-0: Called Strike
0-1: Ball
1-1: Ground out 5-3 (Groundball, 5S)
Batting: RHB Luis Sánchez 0-0: Swinging Strike
0-1: Ball
1-1: Ball
2-1: Called Strike
2-2: Foul Ball, location: 2F
2-2: SOLO HOME RUN (Flyball, 78XD), Distance : 424 ft
Batting: RHB Wilbert Rodgers 0-0: Ground out 6-3 (Groundball, 6)
Batting: RHB Taylor McFarland 0-0: SINGLE (Groundball, 6MD)
Batting: RHB Jorge Jiménez 0-0: Ball
1-0: Ball
2-0: SINGLE (Groundball, 56) (infield hit)
Taylor McFarland to second
Batting: LHB Santiago Márquez 0-0: Called Strike
0-1: Ball
1-1: SINGLE (Groundball, 34) (infield hit)
Taylor McFarland to third
Jorge Jiménez to second
Batting: LHB Barrett Waters 0-0: Foul Ball, location: 2F
0-1: Foul Ball, location: 2F
0-2: Ball
1-2: Foul Ball, location: 2F
1-2: Foul Ball, location: 2F
1-2: Ground out U3 (Groundball, 3L)
Bottom of the 7th over - 1 run, 4 hits, 0 errors, 3 left on base; Hendersonville 1 - Kenilworth 3
TOP OF THE 8TH
Hendersonville Hitmen batting - Pitching for Kenilworth Aces : LHP Dave Smeddon
Batting: RHB Boyd Pittman 0-0: Ground out 4-3 (Groundball, 4S)
Batting: SHB Félix Montoya 0-0: Ball
1-0: Fly out, F9 (Flyball, 89M)
Batting: SHB José Estreito 0-0: Ball
1-0: Ball
2-0: Ball
3-0: Called Strike
3-1: Fly out, F9 (Flyball, 9)
Top of the 8th over - 0 runs, 0 hits, 0 errors, 0 left on base; Hendersonville 1 - Kenilworth 3
BOTTOM OF THE 8TH
Kenilworth Aces batting - Pitching for Hendersonville Hitmen : RHP Troy Parker
Batting: SHB Julián Madrid 0-0: Foul Ball, location: 2F
0-1: Foul Ball, location: 2F
0-2: Ball
1-2: Fly out, F9 (Flyball, 89S)
Batting: LHB Roger Moore 0-0: Called Strike
0-1: Swinging Strike
0-2: Ball
1-2: Strikes out looking
Batting: RHB Andrés Lara 0-0: Swinging Strike
0-1: Called Strike
0-2: Ball
1-2: Foul Ball, location: 2F
1-2: Ball
2-2: Fly out, F8 (Flyball, 8LD)
Bottom of the 8th over - 0 runs, 0 hits, 0 errors, 0 left on base; Hendersonville 1 - Kenilworth 3
TOP OF THE 9TH
Hendersonville Hitmen batting - Pitching for Kenilworth Aces : LHP Dave Smeddon
Pitching: RHP Robinson Gonzáles
Batting: LHB Robert Phillips 0-0: Fly out, F5 (Popup, 5)
Batting: RHB Felipe Jareño 0-0: Ball
1-0: Foul Ball, location: 2F
1-1: Ground out 5-3 (Groundball, 5)
Batting: SHB Rick Turner 0-0: Called Strike
0-1: Ball
1-1: Foul Ball, location: 2F
1-2: Strikes out looking
Top of the 9th over - 0 runs, 0 hits, 0 errors, 0 left on base; Hendersonville 1 - Kenilworth 3
Saturday, April 7th, 2018 - OOTP Baseball 18.8 Build 76